AoeStats
← J8S

Arena

508488747Analyzed
2v2 RM · 9d ago on Sep 22, 2026· 59m 21s· 4 players
Game mode
Random Map
Map size
Medium (4 player)
Population
200
Speed
Normal
Resources
Standard
Victory
Conquest
Starting age
Dark Age
Ending age
Imperial Age
RankedLock teamsTeams togetherTeam positionsShared explorationLock speedFull tech treeHidden civsTurbo modeCheats
Victory
Defeat
🇳🇱 Franks · Netherlands
1552
+14
🇳🇱 Aztecs · Netherlands
1535
+14
🇩🇪 Danes · Germany
1510
-14
🇩🇪 Franks · Germany
1509
-14
momizzle13
10:22 Feudal Age
14:15 Castle Age
12:06 Double-Bit Axe
12:25 Horse Collar
16:18 Bow Saw
17:39 Loom
23:00 Wheelbarrow
22:11 Town Watch
23:59 Hand Cart
23:41 Gold Mining
28:26 Imperial Age
26:32 Scale Mail Armor
26:43 Forging
26:59 Ballistics
26:49 Masonry
26:52 Pikeman
27:33 Squires
27:21 Arson
27:56 Chain Mail Armor
28:45 Iron Casting
28:44 Elite Varangian Guard
28:49 Onager
30:40 Plate Mail Armor
31:13 Blast Furnace
30:04 Fletching
30:14 Padded Archer Armor
31:17 Chemistry
30:25 Siege Engineers
31:01 Siege Onager
33:06 Northmen's Fury
40:02 Conscription
43:39 Bodkin Arrow
44:00 Leather Archer Armor
45:22 Halberdier
47:52 Heavy Scorpion
51:00 Stone Mining
52:40 Caravan
53:33 Bloodlines
53:23 Husbandry
52:44 Light Cavalry
53:38 Scale Barding Armor
55:40 Chain Barding Armor
59:02 Plate Barding Armor
hannezthemenace
11:07 Feudal Age
12:21 Double-Bit Axe
15:06 Castle Age
16:11 Bow Saw
17:50 Squires
20:51 Loom
21:34 Scale Mail Armor
22:44 Wheelbarrow
28:19 Imperial Age
26:58 Forging
28:08 Gold Mining
29:10 Chain Mail Armor
30:37 Plate Mail Armor
30:30 Fletching
31:38 Iron Casting
32:05 Conscription
35:14 Town Watch
34:57 Pikeman
39:56 Capped Ram
40:52 Elite Throwing Axeman
44:02 Blast Furnace
43:31 Bodkin Arrow
45:34 Caravan
47:03 Chemistry
48:50 Masonry
48:51 Fortified Wall
51:44 Halberdier
58:07 Hand Cart
CornelVS1
10:38 Feudal Age
12:17 Double-Bit Axe
15:08 Castle Age
16:24 Bow Saw
22:15 Wheelbarrow
23:04 Scale Barding Armor
23:11 Light Cavalry
24:43 Husbandry
25:29 Chain Barding Armor
27:59 Loom
28:30 Fletching
33:07 Imperial Age
31:49 Town Watch
32:21 Hand Cart
34:22 Plate Barding Armor
33:17 Cavalier
37:13 Forging
38:43 Iron Casting
39:44 Paladin
40:20 Gold Mining
41:49 Murder Holes
42:04 Fortified Wall
42:42 Hand Cart
45:16 Bodkin Arrow
52:06 Capped Ram
53:57 Chemistry
54:28 Blast Furnace
54:48 Conscription
54:56 Scale Mail Armor
57:17 Chain Mail Armor
56:51 Elite Throwing Axeman
J8S
10:03 Feudal Age
14:17 Castle Age
12:55 Horse Collar
15:06 Double-Bit Axe
17:01 Wheelbarrow
18:17 Fervor
19:28 Bow Saw
21:33 Loom
25:10 Hand Cart
24:19 Man-at-Arms
28:11 Imperial Age
25:44 Scale Mail Armor
26:01 Forging
25:39 Gambesons
26:01 Gold Mining
26:37 Squires
26:44 Long Swordsman
27:42 Chain Mail Armor
27:45 Heavy Plow
28:28 Iron Casting
28:17 Stone Mining
28:20 Town Watch
28:36 Treadmill Crane
28:22 Two-Handed Swordsman
29:33 Plate Mail Armor
30:40 Blast Furnace
29:34 Champion
31:01 Town Patrol
34:39 Fletching
35:26 Conscription
36:44 Garland Wars
36:48 Bodkin Arrow
38:40 Onager
40:07 Gold Shaft Mining
40:08 Bracer
40:35 Capped Ram
42:48 Arson
43:54 Crop Rotation
43:39 Siege Engineers
43:39 Siege Onager
47:23 Caravan
55:51 Ballistics
56:32 Chemistry
55:43 Fortified Wall
Connection lost

Rejoining the realm…

Still unreachable

The connection could not be restored.

Session expired

The server has moved on; the page needs a fresh start.